 Dungeon Crawl Stone Soup version 0.25-a0-975-gcae8493d64 (webtiles) character file.

Game seed: 17846918217862326661, levelgen mode: deterministic

137 Esekla the Conjurer (level 5, 0/45 HPs)
             Began as a Naga Conjurer on May 9, 2020.
             Was an Initiate of Vehumet.
             Slain by a hound (3 damage)
             ... on level 4 of the Dungeon.
             The game lasted 00:09:50 (783 turns).

Esekla the Conjurer (Naga Conjurer)                  Turns: 783, Time: 00:09:50

Health: 0/45       AC:  2    Str: 10    XL:     5   Next: 20%
Magic:  0/8        EV: 10    Int: 17    God:    Vehumet [......]
Gold:   59         SH:  0    Dex: 11    Spells: 5/8 levels left

rFire    . . .     SeeInvis +   e - +0 long sword
rCold    . . .     Gourm    .   (no shield)
rNeg     . . .     Faith    .   a - +0 robe
rPois    +         Spirit   .   (no helmet)
rElec    .         Reflect  .   (no cloak)
rCorr    +         Harm     .   (no gloves)
MR       .....                  (no barding)
Stlth    ++........             (no amulet)
HPRegen  0.15/turn              f - ring of resist corrosion
MPRegen  0.11/turn              (no ring)

@: very slow
A: large, see invisible, deformed body, poison resistance, slowness 2, slow
metabolism 1, spit poison 1, AC +1
a: Spit Poison, Renounce Religion


You were on level 4 of the Dungeon.
You worshipped Vehumet.
Vehumet was noncommittal.
You were not hungry.

You visited 1 branch of the dungeon, and saw 4 of its levels.

You collected 59 gold pieces.

Inventory:

Hand Weapons
 d - a +0 club
 e - a +0 long sword (weapon)
Missiles
 j - 4 javelins (quivered)
Armour
 a - a +0 robe (worn)
 k - a +1 robe of positive energy
Jewellery
 f - a ring of resist corrosion (left hand)
Scrolls
 g - a scroll of identify
 i - a scroll of enchant weapon
Potions
 b - a potion of flight
 h - a potion of might
Comestibles
 c - a ration


   Skills:
 * Level 2.1 Fighting
 + Level 1.9 Dodging
 + Level 3.2 Stealth
 + Level 2.3 Spellcasting
 + Level 5.4 Conjurations


You had 5 spell levels left.
You knew the following spells:

 Your Spells              Type           Power        Failure   Level  Hunger
a - Magic Dart            Conj           ###.         1%          1    #......
e - Searing Ray           Conj           ###...       3%          2    ###....

Your spell library contained the following spells:

 Spells                   Type           Power        Failure   Level  Hunger
 Dazzling Flash           Conj/Hex       ##....       19%         3    ###....
 Fulminant Prism          Conj/Hex       ##........   52%         4    #####..
 Iskenderun's Mystic Bla  Conj/Tloc      ##......     52%         4    #####..


Dungeon Overview and Level Annotations

Branches:
Dungeon (4/15)
 Temple: D:4-7

Altars:
Vehumet


Innate Abilities, Weirdness & Mutations

You cannot wear boots.
Your serpentine skin is tough. (AC +1)
You have supernaturally acute eyesight. (SInv)
Armour fits poorly on your strangely shaped body.
Your system is resistant to poisons. (rPois)
You cover ground very slowly.
You have a slow metabolism.
You can spit poison.


Message History

Press: ? - help, Shift-Dir - straight line, f/p - hound
Aim: a hound (moderately wounded, poisoned)
The magic dart hits the hound.
The hound is heavily wounded.
The hound closely misses you.
You closely miss the hound.
The hound is heavily wounded.
The hound bites you.
* * * LOW HITPOINT WARNING * * *
The hound bites you but does no damage.
You closely miss the hound.
The hound is heavily wounded.
You have got your breath back.
The hound barely misses you.
You riposte.
You barely miss the hound.
The hound is heavily wounded.
The hound bites you but does no damage.
You hit the hound.
The hound is almost dead.
The hound closely misses you. The hound bites you.
You die...

.....##........ Z.
...................... .
..................... .
###................... .
≈≈≈...........#...... ##
#.<.........#.....# #.
...#..$h..........l..###.
.......=@................
............###..........
.#....##....#....#.......
#.... ###.....#.†......#
..... ##.##..###........#
.##...........#..........
........$............<†
#......##...............
... #......##.#.....


You could see a hound (poisoned).

Vanquished Creatures
  Blork the orc (D:4)
  A hound (D:4)
  2 adders
  A dart slug (D:1)
  2 leopard geckos (D:4)
  2 bats (D:1)
  A giant cockroach (D:4)
  A goblin (D:3)
  2 hobgoblins (D:1)
  2 frilled lizards
  A rat (D:1)
16 creatures vanquished.

Notes
Turn   | Place    | Note
-------+----------+-------------------------------------------
     0 | D:1      | Esekla the Naga Conjurer began the quest for the Orb.
     0 | D:1      | Reached XP level 1. HP: 15/15 MP: 3/3
   355 | D:3      | Found a radiant altar of Vehumet.
   397 | D:1      | Reached XP level 2. HP: 24/24 MP: 1/5
   403 | D:1      | Learned a level 2 spell: Searing Ray
   446 | D:1      | Reached skill level 1 in Fighting
   669 | D:3      | Became a worshipper of Vehumet
   708 | D:4      | Reached XP level 3. HP: 25/31 MP: 3/6
   731 | D:4      | Reached XP level 4. HP: 35/39 MP: 3/7
   764 | D:4      | Noticed Blork the orc
   772 | D:4      | Killed Blork the orc
   772 | D:4      | Reached skill level 5 in Conjurations
   772 | D:4      | Reached XP level 5. HP: 27/45 MP: 1/8
   783 | D:4      | Slain by a hound

Illustrated notes

Levels and vault maps discovered:
D:1:      scummos_arrival_gate, layout_loops_cross
D:2:      layout_loops_ring, lemuel_doored_altar,
          nicolae_overflow_hidden_temple, gammafunk_temple_overflow_statue,
          nicolae_dithmenos_through_a_glass_darkly
D:3:      layout_loops_ring, lemuel_crystal_altar,
          chequers_ecumenical_altar_island
D:4:      layout_cave_pools, kennysheep_mini_moat, portal_sewer_entry_d,
          first_ration, uniq_blork_the_orc

Skill      XL: |  1  2  3  4 |
---------------+-------------+-----
Fighting       | 1 2 |  2.1
Conjurations   | 5 |  5.4
Dodging        | |  1.9
Stealth        | |  3.2
Spellcasting   | |  2.3

Action                   |  1- 3 |  4- 6 || total
-------------------------+-------+-------++-------
Melee: Unarmed           |     2 |       ||     2
       Club              |       |     4 ||     4
       Long sword        |       |     3 ||     3
 Cast: Magic Dart        |    17 |     3 ||    20
       Searing Ray       |     1 |     1 ||     2
 Abil: Spit Poison       |     8 |     3 ||    11
  Use: Scroll            |     5 |       ||     5
Armor: Robe              |     4 |     3 ||     7
Dodge: Dodged            |     5 |     7 ||    12
       Rpst.: Long sword |       |     2 ||     2

Table legend:
 A = Non-vault XP
 B = Vault XP
 C = Vault XP percentage of total XP
 D = Non-vault monster count
 E = Vault monster count
 F = Vault count percentage of total count
                 A         B        C        D         E       F
            +---------+---------+-------+---------+---------+-------
      Total |      97 |     100 |  50.8 |      15 |       1 |   6.2
            +---------+---------+-------+---------+---------+-------
        D:1 |      14 |       0 |   0.0 |       7 |       0 |   0.0
        D:3 |      16 |       0 |   0.0 |       3 |       0 |   0.0
        D:4 |      67 |     100 |  59.9 |       5 |       1 |  16.7
            +---------+---------+-------+---------+---------+-------
